 Dungeon Crawl Stone Soup version 0.22.0-1-g6561e4c (webtiles) character file.

6455 glosham the Cleaver (level 10, 0/83 HPs)
             Began as a Demigod Arcane Marksman on Aug 11, 2018.
             Killed from afar by a guardian serpent (17 damage)
             ... with a bolt of poison
             ... on level 9 of the Dungeon on Aug 12, 2018.
             The game lasted 02:10:01 (10906 turns).

glosham the Cleaver (Demigod Arcane Marksman)      Turns: 10906, Time: 02:10:02

Health: 0/83       AC: 15    Str: 19    XL:     10   Next: 40%
Magic:  14/14      EV: 13    Int: 20    God:
Gold:   293        SH:  8    Dex: 16    Spells: 5/11 levels left

rFire    + . .     SeeInvis .   a - +2 broad axe of Lixirpheck {chop, Int+3}
rCold    . . .     Gourm    .   Z - +2 buckler
rNeg     . . .     Faith    .   X - +4 ring mail "Wafowafitz" {rF+ Slay+2}
rPois    .         Spirit   .   U - +0 helmet
rElec    .         Reflect  +   Y - +0 cloak
rCorr    .         Harm     .   (no gloves)
MR       ++...                  W - +2 pair of boots
Stlth    +.........             z - +2 amulet of reflection
HPRegen  0.23/turn              A - +1 ring of evasion
MPRegen  0.14/turn              M - ring of protection from magic

@: lethally poisoned (0 -> -8)
A: high mp 1
a: no special abilities


You were on level 9 of the Dungeon.
You were hungry.

You visited 2 branches of the dungeon, and saw 10 of its levels.

You collected 507 gold pieces.
You spent 214 gold pieces at shops.

Inventory:

Hand Weapons
 a - the +2 broad axe of Lixirpheck (weapon) {chop, Int+3}
   (You found it on level 4 of the Dungeon)

   It inflicts extra damage upon your enemies.
   It affects your intelligence (+3).
 b - a +4 scimitar of flaming
 c - a +4 hand crossbow
 d - a +0 hunting sling
 f - a +0 trident
 F - a +0 battleaxe
 I - a +0 shortbow
Missiles
 h - 9 tomahawks (quivered)
 i - 512 stones
 m - 190 arrows
 t - 37 poisoned needles
 w - 87 sling bullets
 y - 53 bolts
 L - 3 curare-tipped needles
 P - 2 javelins
Armour
 j - a +0 robe of positive energy
 H - a +3 chain mail
 Q - a +0 shield
 U - a +0 helmet (worn)
 W - a +2 pair of boots (worn)
 X - the +4 ring mail "Wafowafitz" (worn) {rF+ Slay+2}
   (You found it on level 5 of the Dungeon)

   It affects your accuracy and damage with ranged weapons and melee attacks
   (+2).
   It protects you from fire.
 Y - a +0 cloak (worn)
 Z - a +2 buckler (worn)
Magical Staves
 E - an uncursed staff of fire
Jewellery
 z - a +2 amulet of reflection (around neck)
 A - a +1 ring of evasion (left hand)
 B - a +2 ring of strength
 D - an uncursed ring of protection from fire
 M - a ring of protection from magic (right hand)
Scrolls
 k - a scroll of teleportation
 l - 6 scrolls of blinking
 o - 3 scrolls of remove curse
Potions
 g - 2 potions of ambrosia {unknown}
 r - 2 potions of curing
 s - 3 potions of heal wounds
 u - a potion of invisibility {unknown}
 v - a potion of haste
 G - 2 potions of brilliance
 J - a potion of mutation {unknown}
 K - a potion of cancellation {unknown}
 N - 4 potions of flight
 O - a potion of might {unknown}
Comestibles
 e - 12 rations


   Skills:
 + Level 5.8 Fighting
 * Level 12.4 Axes
 - Level 2.0 Crossbows
 - Level 3.0 Armour
 + Level 3.1 Dodging
 * Level 0.8 Shields
 + Level 1.1 Spellcasting
 - Level 2.6 Hexes
 + Level 2.1 Translocations


You had 5 spell levels left.
You knew the following spells:

 Your Spells              Type           Power        Failure   Level  Hunger
b - Blink                 Tloc           N/A          28%         2    ###....
p - Portal Projectile     Hex/Tloc       ##....       43%         3    ####...
q - Corona                Hex            ##.....      14%         1    ##.....

Your spell library contained the following spells:

 Spells                   Type           Power        Failure   Level  Hunger
 Cause Fear               Hex            ##........   82%         4    #####..
 Magic Dart               Conj           #...         41%         1    ##.....
 Conjure Flame            Conj/Fire      #.......     78%         3    ####...
 Slow                     Hex            ##......     22%         2    ###....
 Mephitic Cloud           Conj/Pois/Air  #.......     78%         3    ####...
 Call Imp                 Summ           #.......     54%         2    ###....
 Spider Form              Tmut/Pois      #.........   78%         3    ####...
 Blade Hands              Tmut           #.........   100%        5    ######.
 Ice Form                 Ice/Tmut       #.......     99%         4    #####..
 Sticks to Snakes         Tmut           #.......     54%         2    ###....
 Leda's Liquefaction      Hex/Erth       #.........   94%         4    #####..
 Inner Flame              Hex/Fire       #.......     58%         3    ####...
 Beastly Appendage        Tmut           #.....       41%         1    ##.....


Dungeon Overview and Level Annotations

Branches:
Dungeon (9/15)             Temple (1/1) D:7             Orc (0/2) D:9
   Lair: D:8-11

Shops:
D:8 %   D:9 [


Innate Abilities, Weirdness & Mutations

You have an increased reservoir of magic. (+10% MP)


Message History

There is an open door here.
A guardian serpent comes into view.
The guardian serpent shouts!
Unknown command.
There is an open door here.
You start waiting.
The guardian serpent is too close now for your liking.
The guardian serpent misses you.
There is an open door here.
You hit the guardian serpent but do no damage.
You block the guardian serpent's attack.
Your shield and ring mail "Wafowafitz" prevent you from hitting the guardian serpent.
The guardian serpent coils itself and waves its upper body at you.
The bolt of poison misses you. The guardian serpent hits you!
You slash the guardian serpent!
The guardian serpent is lightly wounded.
The guardian serpent hits you.
You completely miss the guardian serpent.
The guardian serpent is lightly wounded.
The guardian serpent hits you but does no damage. x2
You hit the guardian serpent.
The guardian serpent is moderately wounded.
The guardian serpent barely misses you.
You slash the guardian serpent!
The guardian serpent is severely wounded.
The guardian serpent hits you! The guardian serpent hits you!!
You slash the guardian serpent!
The guardian serpent is almost dead.
The guardian serpent hits you!
You hit the guardian serpent.
The guardian serpent is almost dead.
The guardian serpent hits you!
* * * LOW HITPOINT WARNING * * *
The guardian serpent coils itself and waves its upper body at you.
The bolt of poison hits you!
You are poisoned.
You die...

#........#.....#.......#
l.........#.....#.......#
.%.........#.....#.......#
P.........###.....#>....8.#
...#......#.......#........#
..S #.......#...8.8... ....
#.......#.#....... ....
#.......# #..##@#....#
#....S#....# #.....#....#
+.....###### #..<...
#....... .........
#++#####... ....


You could see a guardian serpent.

Vanquished Creatures
  Erica (D:9)
  An elephant (D:9)
  The ghost of Gorglomux the Chopper, a novice DsGl (D:6)
  A troll (D:9)
  2 basilisks (D:9)
  A hungry ghost (D:7)
  3 phantoms
  2 ice beasts
  4 orc warriors
  6 ogres
  4 centaurs
  An eye of draining (D:8)
  A big kobold (D:9)
  7 bullfrogs
  3 gnoll sergeants
  A wyvern zombie (D:6)
  2 scorpions
  14 killer bees
  A howler monkey (D:3)
  2 jellies
  4 wights (D:9)
  4 crimson imps
  A centaur zombie (D:8)
  3 hounds
  6 orc wizards
  4 orc priests
  Crazy Yiuf (D:2)
  A bullfrog skeleton (D:7)
  A centaur skeleton (D:5)
  3 worker ants
  3 iguanas
  A killer bee zombie (D:7)
  A hound zombie (D:9)
  Robin (D:4)
  5 gnolls
  10 adders
  A shadow imp (D:8)
  An ooze (D:1)
  An adder skeleton (D:8)
  An adder zombie (D:9)
  5 worms
  A dart slug (D:1)
  7 leopard geckos
  21 orcs
  5 ball pythons
  8 giant cockroaches
  12 hobgoblins
  9 jackals
  5 kobolds
  2 quokkas
  7 bats
  6 frilled lizards
  A giant cockroach zombie (D:6)
  2 gnoll zombies (D:5)
  4 goblins
  A quokka zombie (D:7)
  3 rats
  A butterfly (D:7)
211 creatures vanquished.

Notes
Turn   | Place    | Note
-------+----------+-------------------------------------------
     0 | D:1      | glosham the Demigod Arcane Marksman began the quest for the Orb.
     0 | D:1      | Reached XP level 1. HP: 15/15 MP: 4/4
    57 | D:1      | Reached skill level 1 in Fighting
   401 | D:1      | Reached skill level 2 in Fighting
   406 | D:1      | Reached XP level 2. HP: 21/24 MP: 5/5
  1070 | D:1      | Reached XP level 3. HP: 29/30 MP: 6/6
  1278 | D:2      | Reached skill level 3 in Fighting
  1468 | D:2      | Found an ornate altar of the Wu Jian Council.
  1652 | D:2      | Found a glowing silver altar of Zin.
  1742 | D:2      | Found a runed door.
  1748 | D:2      | Noticed Crazy Yiuf
  1752 | D:2      | Killed Crazy Yiuf
  1752 | D:2      | Reached XP level 4. HP: 40/40 MP: 8/8
  1911 | D:3      | Upgraded the game from 0.22.0 to 0.22.0-1-g6561e4c
  2265 | D:3      | Reached skill level 4 in Fighting
  2265 | D:3      | Reached skill level 1 in Armour
  2332 | D:3      | Reached XP level 5. HP: 31/47 MP: 9/9
  2778 | D:3      | Noticed a centaur
  2778 | D:3      | an orc wizard changed into a centaur
  2783 | D:3      | Killed a centaur
  2783 | D:3      | Reached skill level 5 in Fighting
  2783 | D:3      | Reached skill level 2 in Armour
  2792 | D:3      | Reached XP level 6. HP: 33/56 MP: 10/10
  3294 | D:4      | Got a bone broad axe
  3404 | D:4      | Found an opulent altar of Gozag.
  3425 | D:4      | Identified the +2 broad axe of Lixirpheck {chop, Int+3} (You found it on level 4 of the Dungeon)
  3435 | D:4      | Found a shadowy altar of Dithmenos.
  3747 | D:4      | Noticed Robin
  3756 | D:4      | Killed Robin
  3756 | D:4      | Reached skill level 2 in Crossbows
  4575 | D:5      | Entered Level 5 of the Dungeon
  4605 | D:5      | Reached skill level 1 in Axes
  4711 | D:5      | Learned a level 2 spell: Blink
  4715 | D:5      | Learned a level 3 spell: Portal Projectile
  4903 | D:5      | Got a faintly glowing ring mail
  4946 | D:5      | Reached skill level 2 in Axes
  5098 | D:5      | Identified the +4 ring mail "Wafowafitz" {rF+ Slay+2} (You found it on level 5 of the Dungeon)
  5146 | D:5      | Found a basalt altar of Yredelemnul.
  5176 | D:6      | Reached skill level 3 in Axes
  5176 | D:6      | Reached XP level 7. HP: 59/61 MP: 11/11
  5441 | D:6      | Reached skill level 4 in Axes
  5578 | D:6      | Reached skill level 5 in Axes
  5710 | D:6      | Reached skill level 6 in Axes
  5970 | D:6      | Reached XP level 8. HP: 68/68 MP: 12/12
  6076 | D:6      | Reached skill level 7 in Axes
  6304 | D:6      | Found a runed door.
  6305 | D:6      | Noticed Gorglomux's ghost (novice DsGl)
  6315 | D:6      | Killed Gorglomux's ghost
  6315 | D:6      | Reached skill level 8 in Axes
  6429 | D:6      | Found a hazy altar of Hepliaklqana.
  6492 | D:6      | Found a snail-covered altar of Cheibriados.
  7129 | D:6      | Reached skill level 9 in Axes
  7502 | D:7      | Reached XP level 9. HP: 74/74 MP: 13/13
  7648 | D:7      | Found a staircase to the Ecumenical Temple.
  7667 | Temple   | Entered the Ecumenical Temple
  7770 | D:7      | Reached skill level 10 in Axes
  8229 | D:7      | Found a stormy altar of Qazlal.
  8598 | D:8      | Found Otacuxt's Food Shop.
  8640 | D:8      | Reached skill level 11 in Axes
  8919 | D:8      | Found a hazy altar of Hepliaklqana.
  9276 | D:9      | Found a staircase to the Orcish Mines.
  9907 | D:9      | Reached skill level 12 in Axes
  9907 | D:9      | Reached XP level 10. HP: 58/81 MP: 14/14
 10022 | D:9      | Reached skill level 2 in Dodging
 10359 | D:9      | Found Ismugg's Armour Shop.
 10391 | D:9      | Bought a +2 pair of boots for 214 gold pieces
 10425 | D:9      | Noticed Erica
 10434 | D:9      | Killed Erica
 10434 | D:9      | Reached skill level 3 in Armour
 10434 | D:9      | Reached skill level 1 in Translocations
 10526 | D:9      | Noticed an elephant
 10541 | D:9      | Killed an elephant
 10541 | D:9      | Reached skill level 3 in Dodging
 10541 | D:9      | Reached skill level 2 in Translocations
 10893 | D:9      | Noticed a guardian serpent
 10906 | D:9      | Killed from afar by a guardian serpent

Skill      XL: |  1  2  3  4  5  6  7  8  9 10 |
---------------+-------------------------------+-----
Fighting       | 2 3 4 5 |  5.8
Armour         | 1 2 3 |  3.0
Crossbows      | 2 |  2.0
Axes           | 3 6 9 12 | 12.4
Dodging        | 3 |  3.1
Translocations | 2 |  2.1
Shields        | |  0.8
Spellcasting   | |  1.1
Hexes          | |  2.6

Action                   |  1- 3 |  4- 6 |  7- 9 | 10-12 || total
-------------------------+-------+-------+-------+-------++-------
Melee: Short sword       |   132 |       |       |       ||   132
       Unarmed           |    16 |       |       |       ||    16
       Quarterstaff      |       |   104 |       |       ||   104
       Broad axe         |       |    44 |   348 |    65 ||   457
 Fire: Hand crossbow     |    16 |    13 |     2 |       ||    31
Throw: Stone             |    13 |       |       |       ||    13
       Tomahawk          |       |       |     5 |       ||     5
  Use: Scroll            |     6 |     9 |     7 |     1 ||    23
       Potion            |     1 |       |     4 |     2 ||     7
  Eat: Chunk             |     3 |    11 |    13 |     2 ||    29
       Ration            |       |       |     2 |       ||     2
Armor: Robe              |    20 |       |       |       ||    20
       Ring mail         |    26 |     2 |   151 |    18 ||   197
       Leather armour    |     3 |       |       |       ||     3
       Chain mail        |       |    61 |       |       ||    61
       Steam dragon scal |       |     4 |       |       ||     4
Dodge: Dodged            |   104 |    84 |   238 |    24 ||   450
Block: Buckler           |       |       |       |     2 ||     2
       Other             |       |       |       |     1 ||     1

Table legend:
 A = Turns spent in this place as a percentage of turns spent in the entire game.
 B = Non-inter-level travel turns spent in this place as a percentage of non-inter-level travel turns spent in the entire game.
 C = Inter-level travel turns spent in this place as a percentage of turns spent in this place.
 D = Turns resting spent in this place as a percentage of non-inter-level travel turns spent in this place.
 E = Turns spent auto-exploring this place as a percentage of non-inter-level travel turns spent in this place.
 F = Non-inter-level travel turns spent in this place divided by the number of levels of this place that you've seen.
                   A       B       C       D       E      F
               +-------+-------+-------+-------+-------+----------------------
         Total | 100.0 | 100.0 |   6.5 |  35.9 |   5.3 | 1019.2
       Dungeon | 100.0 | 100.0 |   6.5 |  36.0 |   5.3 | 1132.2
        Temple |   0.0 |   0.0 |   0.0 |   0.0 |   0.0 |   2.0
               +-------+-------+-------+-------+-------+----------------------

Table legend:
 A = Kills in this place as a percentage of kills in entire the game.
 B = Kills by you in this place as a percentage of kills by you in the entire game.
 C = Kills by friends in this place as a percentage of kills by friends in the entire game.
 D = Other kills in this place as a percentage of other kills in the entire game.
 E = Experience gained in this place as a percentage of experience gained in the entire game.
 F = Experience gained in this place divided by the number of levels of this place that you have seen.
                   A       B       C       D       E      F
               +-------+-------+-------+-------+-------+----------------------
         Total | 100.0 | 100.0 |   N/A |   N/A | 100.0 | 922.2
       Dungeon | 100.0 | 100.0 |   N/A |   N/A | 100.0 | 1024.7
               +-------+-------+-------+-------+-------+----------------------

Vault maps used:
D:1:      dpeg_arrival_three_same_balls
D:2:      overflow_temple_1_default, old_standard_altar, uniq_crazy_yiuf_cottage
D:4:      nicolae_gozag_cash_rules_everything_around_me, kennysheep_mini_moat,
          uniq_robin
D:5:      lemuel_zombie_altar_yredelemnul, first_ration
D:6:      lemuel_doored_altar, kennysheep_mini, ebering_ghost_reflecting_pool
D:7:      grunt_qazlal_sundering, minmay_temple_entry_butterflies
D:8:      basic_altar, serial_shops, shop_statue
D:9:      nrook_guardian_serpent_snake_passage, gammafunk_temple_overflow_pools,
          david_lair_generic, kennysheep_orc_monster_closet_entryway,
          serial_column_ruins, column_ruins_hut_pillars,
          column_ruins_square_large, column_ruins_open_small,
          column_ruins_grid_2, column_ruins_open_tiny, column_ruins_grid_1,
          column_ruins_open_small, serial_shops, shop_fountains, david_nohive_1,
          grunt_decor_fettered, uniq_erica, uniq_joseph
Temple:   minmay_temple_bridge_abc
